 Dungeon Crawl Stone Soup version 0.30-a0-465-g8901f6c8b5 (webtiles) character file.

Game seed: 12743613392378758624

7780 purpskrrrp the Blocker (level 11, -2/83 HPs)
             Began as a Merfolk Monk on Dec 17, 2022.
             Was an Elder of Wu Jian.
             Slain by a soul eater (15 damage)
             ... summoned by an orc high priest
             ... in a bailey.
             The game lasted 00:20:58 (9255 turns).

purpskrrrp the Blocker (Merfolk Monk)               Turns: 9255, Time: 00:20:59

Health: -2/83      AC: 14    Str: 12    XL:     11   Next: 20%
Magic:  11/11      EV: 19    Int: 10    God:    Wu Jian [****..]
Gold:   449        SH: 15    Dex: 29    Spells: 6/10 levels left

rFire   + + +      SeeInvis +    j - +2 demon blade
rCold   x . .      Faith    .    n - +0 kite shield
rNeg    . . .      Spirit   .    x - +0 ring mail of Demons {Drain rF++ rCorr}
rPois   .          Reflect  .    (no helmet)
rElec   .          Harm     .    e - +2 cloak
rCorr   +          Rampage  .    B - +1 pair of gloves {Dex+3}
Will    .....                    (no boots)
Stlth   ++........               (no amulet)
HPRegen 0.33/turn                h - +4 ring of protection
MPRegen 0.12/turn                G - ring "Fogetonk" {Fire Dex+6 SInv Stlth-}

@: studying Shields
A: (nimble swimmer 2), mertail
a: Renounce Religion, Wall Jump, Serpent's Lash


You were in a bailey.
You worshipped Wu Jian.
Wu Jian was greatly pleased with you.
You visited 2 branches of the dungeon, and saw 11 of its levels.
You also visited: Bailey.

You collected 449 gold pieces.

Inventory:

Hand Weapons
 a - a +1 falchion
 j - a +2 demon blade (weapon)
 p - a +0 long sword
Missiles
 l - 29 poisoned darts
 E - 2 throwing nets
Armour
 b - a +0 robe
 e - a +2 cloak (worn)
 n - a +0 kite shield (worn)
 u - a +0 leather armour
 x - the +0 ring mail of Demons (worn) {Drain rF++ rCorr}
   (You found it on level 5 of the Dungeon)

   rF:        It greatly protects you from fire.
   rCorr:     It protects you from acid and corrosion.
   Drain:     It drains your maximum health when unequipped.
 B - a +1 pair of gloves of dexterity (worn)
 J - a +2 robe of fire resistance
Jewellery
 h - a +4 ring of protection (left hand)
 t - a ring of flight
 G - the ring "Fogetonk" (right hand) {Fire Dex+6 SInv Stlth-}
   (You acquired it on level 7 of the Dungeon)

   [ring of fire]

   It enhances your fire magic.
   Dex:       It affects your dexterity (+6).
   rF:        It protects you from fire.
   rC:        It makes you vulnerable to cold.
   SInv:      It lets you see invisible.
   Stlth:     It makes you less stealthy.
 H - a ring of ice
Wands
 i - a wand of roots (18)
 m - a wand of mindburst (33)
 r - a wand of digging (8)
 C - a wand of flame (16)
Scrolls
 d - 2 scrolls of amnesia
 q - 2 scrolls of identify
 w - 6 scrolls of teleportation
 I - 2 scrolls of poison
Potions
 c - 3 potions of flight
 f - 2 potions of attraction
 g - 3 potions of degeneration
 k - a potion of magic
 o - a potion of might
 s - 2 potions of lignification
 v - a potion of curing {unknown}
 z - a potion of brilliance {unknown}
 A - a potion of cancellation {unknown}


   Skills:
 + Level 6.9 Fighting
 * Level 10.1 Long Blades
 + Level 10.6 Dodging
 - Level 6.3 Stealth
 * Level 11.9 Shields


You had 6 spell levels left.
You knew the following spells:

 Your Spells              Type           Power      Damage    Failure   Level
a - Flame Wave            Conj/Fire      0%         2d4       100%        4

Your spell library contained the following spells:

 Spells                   Type           Power      Damage    Failure   Level
 Magic Dart               Conj           0%         1d3       87%         1
 Call Imp                 Summ           0%         N/A       95%         2
 Ensorcelled Hibernation  Hex/Ice        0%         N/A       95%         2
 Passwall                 Tmut/Erth      0%         N/A       95%         2
 Searing Ray              Conj           0%         2d4       95%         2
 Inner Flame              Hex/Fire       0%         N/A       99%         3
 Mephitic Cloud           Conj/Pois/Air  0%         N/A       99%         3
 Swiftness                Air            0%         N/A       99%         3
 Fulminant Prism          Conj/Hex       0%         3d5       100%        4
 Sticky Flame             Conj/Fire      0%         2d3       100%        4


Dungeon Overview and Level Annotations

Branches:
Dungeon (10/15)            Temple (1/1) D:5          Bailey (1/1)
   Lair: D:8-11         Orc: D:9-12

Altars:
Ashenzari
Cheibriados
Dithmenos
Elyvilon
Fedhas
Gozag
Hepliaklqana
Kikubaaqudgha
Makhleb
Nemelex Xobeh
Okawaru
Qazlal
Ru
Sif Muna
Trog
Uskayaw
Vehumet
Wu Jian
Xom
Yredelemnul
Zin
The Shining One


Innate Abilities, Weirdness & Mutations

((You are very nimble when in or above water. (Stealth+, EV+, Speed+++)))
Your lower body shifts to a powerful aquatic tail in water.


Message History

You are too injured to fight recklessly!
You are too injured to fight recklessly!
You are too injured to fight recklessly!
Okay, then.
As you read the scroll of fear, it crumbles to dust.
You assume a fearsome visage.
The sixfirhy looks frightened!
The sun demon looks frightened!
The neqoxec looks frightened!
The hellwing looks frightened!
The soul eater resists with almost no effort.
The neqoxec looks frightened!
The orc high priest looks frightened!
The goblin looks frightened!
The orc knight resists with some effort.
The goblin looks frightened!
The orc warrior looks frightened!
The orc high priest looks frightened!
The orc warrior no longer looks unusually strong.
Cornered, the sixfirhy turns to fight!
The soul eater hits you!
* * * LOW HITPOINT WARNING * * *
The orc knight roars a battlecry!
The orc warrior goes into a battle-frenzy!
The hellwing swoops through the air toward you!
The hellwing completely misses you. x2
You spin and attack the hellwing repeatedly.
You hit the hellwing.
Your attack snaps the hellwing out of its fear.
The hellwing is lightly wounded.
You hit the hellwing but do no damage.
The hellwing is lightly wounded.
Cornered, the goblin turns to fight!
The hellwing misses you. You block the hellwing's attack.
You spin and attack the hellwing.
You hit the hellwing.
The hellwing is moderately wounded.
The orc high priest no longer looks unusually strong.
You block the sixfirhy's attack. x2
The orc knight roars a battlecry!
The orc high priest goes into a battle-frenzy!
The orc warrior no longer looks unusually strong.
The soul eater draws from the surrounding life force!
* * * LOW HITPOINT WARNING * * *
The soul eater draws from the surrounding life force!
You die... ≈≈≈≈≈~.#..# #...# ~≈≈≈≈≈ ≈≈≈≈≈~.#..# #ogo#

~≈≈≈≈≈ ≈≈≈≈≈~.#).# #8.8# .~≈≈≈≈≈
≈≈≈≈≈~.#))# #.4.# .~≈≈≈≈≈
≈≈≈≈≈#'#'##+###838# #≈≈≈≈≈
≈≈≈≈≈#..).#!!.#...# #≈≈≈≈≈
≈≈≈≈≈#....#!!.#.3.# )# #≈≈≈≈≈
≈≈≈≈≈###..######.######. #≈≈≈≈≈
≈≈≈≈≈#.'........@....... #≈≈≈≈≈
≈≈≈≈≈######~~~~~~~~~~~######≈≈≈≈≈
≈≈≈≈≈≈≈≈≈≈≈≈≈≈≈≈≈≈≈≈≈≈≈≈≈≈≈≈≈≈≈≈≈
≈≈≈≈≈≈≈≈≈≈≈≈≈≈≈≈≈≈≈≈≈≈≈≈≈≈≈≈≈≈≈≈≈
≈≈≈≈≈≈≈≈≈≈≈≈≈≈≈≈≈≈≈≈≈≈≈≈≈≈≈≈≈≈≈≈≈
≈≈≈≈≈≈≈≈≈≈≈≈≈≈≈≈≈≈≈≈≈≈≈≈≈≈≈≈≈≈≈≈≈
≈≈≈≈≈≈≈≈≈≈≈≈≈≈≈≈≈≈≈≈≈≈≈≈≈≈≈≈≈≈≈≈≈
#################################


You could see an orc knight, a soul eater (summoned), a hellwing (summoned), a
sixfirhy (summoned), an orc warrior and a goblin.

Vanquished Creatures
  Pikel (D:7)
  4 yaks (D:10)
  Menkaure (D:7)
  4 water moccasins
  5 orc warriors
  An ice beast (D:7)
  2 black bears (D:6)
  2 ogres
  3 centaurs
  A lemure (D:7)
  2 kobold brigands
  2 bullfrogs
  5 scorpions
  6 necrophages
  4 wights (D:8)
  5 electric eels (Bailey)
  2 howler monkeys (D:9)
  5 hounds
  2 jellies
  2 gnoll boudas (D:5)
  An orc priest (D:8)
  3 iguanas
  3 orc wizards
  15 gnolls
  11 adders
  2 shadow imps
  A white imp (D:6)
  An ufetubus (D:6)
  3 dart slugs
  13 orcs
  10 ball pythons
  4 bats
  7 endoplasms
  3 giant cockroaches (D:2)
  12 goblins
  4 hobgoblins
  6 jackals (D:1)
  19 kobolds
  2 quokkas
  3 frilled lizards
  5 rats
187 creatures vanquished.

Notes
Turn   | Place    | Note
-------+----------+-------------------------------------------
     0 | D:1      | purpskrrrp the Merfolk Monk began the quest for the Orb.
     0 | D:1      | Reached XP level 1. HP: 18/18 MP: 1/1
   152 | D:1      | Reached XP level 2. HP: 24/24 MP: 2/2
   640 | D:1      | Reached XP level 3. HP: 29/29 MP: 3/3
  1240 | D:2      | Reached XP level 4. HP: 28/37 MP: 4/4
  2249 | D:2      | Reached skill level 5 in Long Blades
  2249 | D:2      | Reached XP level 5. HP: 42/42 MP: 5/5
  2255 | D:2      | Reached skill level 5 in Dodging
  2593 | D:3      | Found a faded altar of an unknown god.
  3042 | D:3      | Noticed a water moccasin
  3051 | D:3      | Killed a water moccasin
  3052 | D:3      | Reached skill level 1 in Shields
  3052 | D:3      | Reached XP level 6. HP: 32/48 MP: 6/6
  4146 | D:4      | Reached XP level 7. HP: 51/55 MP: 7/7
  4318 | D:5      | Entered Level 5 of the Dungeon
  4344 | D:5      | Found a staircase to the Ecumenical Temple.
  4353 | D:5      | Reached skill level 2 in Shields
  4377 | D:5      | HP: 2/82 [gnoll/+0 spear[a gnoll bouda] (4)]
  4386 | Temple   | Entered the Ecumenical Temple
  5238 | Temple   | Became a worshipper of the Wu Jian Council
  5238 | Temple   | Reached * piety under Wu Jian
  5238 | Temple   | Reached ** piety under Wu Jian
  5424 | D:5      | Reached skill level 5 in Fighting
  5490 | D:5      | Reached XP level 8. HP: 62/62 MP: 8/8
  5501 | D:5      | Identified the +0 ring mail of Demons {Drain rF++ rCorr}
  6308 | D:6      | Reached skill level 3 in Shields
  6328 | D:6      | Reached skill level 5 in Stealth
  6414 | D:6      | Reached XP level 9. HP: 66/69 MP: 9/9
  6676 | D:6      | Reached *** piety under Wu Jian
  7013 | D:7      | Noticed Pikel
  7027 | D:7      | Killed Pikel
  7028 | D:7      | Reached skill level 4 in Shields
  7102 | D:7      | Noticed Menkaure
  7109 | D:7      | Killed Menkaure
  8001 | D:7      | Identified a scroll of acquirement
  8001 | D:7      | Acquired the ring "Fogetonk" {Fire Dex+6 SInv Stlth-}
  8013 | D:7      | Learned a level 4 spell: Flame Wave
  8016 | D:7      | Reached skill level 11 in Shields
  8016 | D:7      | Reached XP level 10. HP: 77/77 MP: 10/10
  8038 | D:8      | Reached skill level 10 in Dodging
  8182 | D:8      | Noticed a green ugly thing
  8183 | D:8      | Noticed a manticore
  8192 | D:8      | Noticed a two-headed ogre
  8193 | D:8      | Noticed a four-headed hydra
  8193 | D:8      | Noticed a skeletal warrior
  8208 | D:8      | Noticed a centaur warrior
  8209 | D:8      | Noticed a gargoyle
  8580 | D:8      | Found a glowing golden altar of the Shining One.
  8580 | D:8      | You fall into a shaft and drop 2 floors!
  8580 | D:10     | Entered Level 10 of the Dungeon
  8635 | D:10     | Reached XP level 11. HP: 79/83 MP: 11/11
  8644 | D:10     | Reached **** piety under Wu Jian
  8813 | D:9      | Found an iron altar of Okawaru.
  8907 | D:9      | Found a flagged portal.
  8922 | Bailey   | Entered a bailey
  8961 | Bailey   | Reached skill level 10 in Long Blades
  9034 | Bailey   | Noticed an orc high priest
  9181 | Bailey   | Acquired a manual of Shields
  9235 | Bailey   | Noticed an orc knight
  9236 | Bailey   | Found an iron altar of Okawaru.
  9236 | Bailey   | Noticed an orc high priest
  9237 | Bailey   | Identified the +0 plate armour of the Mind {Drain rElec
                  | Int+4}
  9238 | Bailey   | Noticed a sixfirhy
  9243 | Bailey   | Noticed a soul eater
  9246 | Bailey   | Noticed a sun demon
  9255 | Bailey   | Slain by a soul eater

Illustrated notes

Levels and vault maps discovered:
D:1:      dpeg_arrival_radiant, layout_basic, minmay_misc_feat_rugged
D:2:      layout_loops_corners
D:3:      layout_loops_corners, chequers_ecumenical_altar_grove,
          minmay_stone_trees_large, hangedman_decor_slide_cut
D:4:      layout_loops_ring
D:5:      layout_rooms, temple_fountains
D:6:      layout_loops_ring, hangedman_abyss_or_decor_stagger, grunt_potential
D:7:      layout_basic, uniq_pikel, uniq_menkaure
D:8:      layout_layer_cave, lemuel_crystal_altar, serial_shops,
          nicolae_take_the_stairs, minmay_misc_feat_more_columns, minivault_12
D:9:      layout_grid_maze, okawaru_metal_pillars_1_2, enter_bailey_5
D:10:     layout_cave_pods, orc_0_dummy
Temple:   mainiacjoe_temple_cubbyholes
Bailey:   bailey_axe_of_yendor_kennysheep, bailey

Skill      XL: |  1  2  3  4  5  6  7  8  9 10 11 |
---------------+----------------------------------+-----
Long Blades    | 4 5 6 8 9 10 | 10.1
Stealth        | 3 4 5 6 |  6.3
Fighting       | 4 5 6 |  6.9
Dodging        | 5 6 7 8 9 10 | 10.6
Shields        | 1 2 3 11 | 11.9

Action                   |  1- 3 |  4- 6 |  7- 9 | 10-12 || total
-------------------------+-------+-------+-------+-------++-------
Melee: Falchion          |   108 |   106 |       |       ||   214
       Long sword        |       |    25 |    59 |       ||    84
       Demon blade       |       |       |   162 |   163 ||   325
       Tailslap          |       |       |       |     1 ||     1
Throw: Dart              |     6 |     1 |     3 |       ||    10
Invok: Lunge             |       |       |     9 |     8 ||    17
       Whirlwind         |       |       |     2 |     2 ||     4
Evoke: Wand              |       |       |     4 |       ||     4
  Use: Scroll            |     4 |    12 |     6 |     3 ||    25
       Potion            |     1 |       |     5 |       ||     6
 Stab: Sleeping          |     5 |    14 |     8 |     5 ||    32
       Distracted        |       |     1 |       |     2 ||     3
Armor: Robe              |    30 |    38 |       |       ||    68
       Leather armour    |       |       |    44 |       ||    44
       Ring mail         |       |       |    40 |    30 ||    70
Dodge: Dodged            |    91 |    75 |   140 |    81 ||   387
Block: Kite shield       |       |    37 |   125 |   112 ||   274

Table legend: (Time is in decaauts)
 A = Elapsed time spent in this place.
 B = Non-inter-level travel time spent in this place.
 C = Inter-level travel time spent in this place.
 D = Time resting spent in this place.
 E = Time spent auto-exploring this place.
 F = Levels seen in this place.
 G = Mean time per level.
                   A        B        C        D        E       F      G
               +--------+--------+--------+--------+--------+-----+--------+
         Total |   9253 |   8716 |    537 |   1477 |   5393 |  12 |  771.1 |
       Dungeon |   8080 |   7579 |    501 |    990 |   5060 |  10 |  808.0 |
        Temple |    902 |    866 |     36 |    440 |    288 |   1 |  902.0 |
        Bailey |    270 |    270 |      0 |     47 |     45 |   1 |  270.0 |
               +--------+--------+--------+--------+--------+-----+--------+

Top non-repeatable levels by time:
     D:1: 1495 daAuts
     D:6: 1138 daAuts
     D:3: 1137 daAuts
     D:2: 1077 daAuts
     D:7: 1023 daAuts
  Temple: 902 daAuts
     D:5: 681 daAuts
     D:4: 642 daAuts
     D:8: 548 daAuts
  Bailey: 270 daAuts
     D:9: 183 daAuts
    D:10: 152 daAuts
